Unix NetHack Version 5.0.0-0 post-release - last build Jul 14 2026 02:55:29 (1809b74e8187c3a3585e283601c3028b46cbbdcb,branch:main).

Game began 2026-07-15 23:58:03, ended 2026-07-16 00:05:36.

ExaDeuce, lawful male human Samurai

                                           ---------------
                -----------                |...........<.|
             ###..........|                |....[........|
             #  |..{......-       ....|    .............(.#
             #  |.........|           |    ------.--------#
             #  ---|-------                               #
            ##     #                                     ######
           ##      #                                      #   ###
           #      ##                                      #    -.--------
 ----------#      #                        -----.---------#    .........|
 |....@d..|#      #                   #####-.............|     |........|
 |.>......|#    --.------------     ###    |.............| ####.........|
 |........-#    |.............+     #      |.............-##   ----------
 |........|     |........*....|   ###      |.............|
 ----------     |..............####        |.............|
                ---------------            ---------------

ExaDeuce the Hatamoto  St:18/01 Dx:17 Co:18 In:8 Wi:7 Ch:6  Lawful
Dlvl:4  $:69 HP:18(18) Pw:2(2) AC:0  Xp:1 T:1018  Hungry  

Latest messages:
 You climb up the stairs.
 The door opens.
 You hear some noises in the distance.
 You swap places with Hachi.
 You find a hidden door.
 Hachi bites the yellow mold.
 The yellow mold is killed!
 The door opens.
 You swap places with Hachi.
 Where do you want to travel to?
 (For instructions type a '?')
 You descend the stairs.
 You climb up the stairs.
 You descend the stairs.
 u - a scroll labeled ELAM EBOW.
 You see here a large box.
 Hmmm, the large box turns out to be locked.
 The large box is locked.
 b - a +0 wakizashi (weapon in right hand).
 a - a +0 katana (alternate weapon; not wielded).
 There is a locked large box here; force its lock? [ynq] (q) y
 You force your wakizashi into a crack and pry.
 You succeed in forcing the lock.
 You have a little trouble removing an elven mithril-coat.  Continue? [ynq] (q) y
 You have a little trouble removing v - an elven mithril-coat.
 j - 2 puce potions (4 in total).
 Your movements are slowed slightly because of your load.
 You see here a stained spellbook.
 You have a little trouble lifting w - a stained spellbook.
 What do you want to drop? [$a-w or ?*] v
 You drop an elven mithril-coat.
 Your movements are now unencumbered.
 You hear a door open.
 You see here an elven mithril-coat.
 You hear a door open.
 You swap places with Hachi.
 $ - 13 gold pieces (69 in total).
 The door opens.
 Your acid blob corpse rots away.
 You see here a green gem.
 You find a hidden door.
 The door opens.
 You are beginning to feel hungry.
 You swap places with Hachi.
 Really quit without saving? [yes|no] yes
 Do you want your possessions identified? [ynq] (y) y
 Do you want to see your attributes? [ynq] (y) y
 Do you want an account of creatures vanquished? [ynaq] (y) y
 Do you want to see your conduct and achievements? [ynq] (y) y
 Do you want to see the dungeon overview? [ynq] (y) y

Inventory:
 Coins    ('$')
  $ - 69 gold pieces
 Weapons  (')')
  d - 40 +0 ya (in quiver)
  c - a +0 yumi
  h - 9 +0 darts
  r - a +0 elven dagger
  i - 2 +0 orcish daggers named !c
  a - a +0 katana (alternate weapon; not wielded)
  b - a +0 wakizashi (weapon in right hand)
 Armor    ('[')
  p - a blessed +3 orcish helm (being worn)
  e - an uncursed rustproof +0 splint mail (being worn)
 Comestibles  ('%')
  t - an uncursed gunyoki
  f - 2 cursed rotten tins of jackal meat
  l - an uncursed lichen corpse
 Scrolls  ('?')
  k - an uncursed scroll of fire
  u - a cursed scroll of food detection
  m - an uncursed scroll of identify
 Spellbooks  ('+')
  n - an uncursed spellbook of dig
  o - an uncursed spellbook of drain life
  w - an uncursed spellbook of healing
 Potions  ('!')
  j - 4 uncursed potions of healing
 Gems/Stones  ('*')
  q - an uncursed chrysoberyl stone
  g - a cursed worthless piece of white glass

ExaDeuce the Samurai's attributes:

Background:
 You were a Hatamoto, a level 1 male human Samurai.
 You were lawful, on a mission for Amaterasu Omikami
 who was opposed by Raijin (neutral) and Susanowo (chaotic).
 You were right-handed.
 You were in the Dungeons of Doom, on level 4.
 You entered the dungeon 1018 turns ago.
 It was the midnight hour.
 There was a new moon in effect when your adventure ended.
 You had 11 experience points, 9 more were needed to attain level 2.

Basics:
 You had all 18 hit points.
 You had both energy points (spell power).
 Your armor class was 0.
 Your wallet contained 69 zorkmids.
 Autopickup was on for '$!/="?' plus thrown, with exceptions.

Final Characteristics:
 Your strength was 18/01 (limit:18/100).
 Your dexterity was 17 (limit:18).
 Your constitution was 18 (limit:18).
 Your intelligence was 8 (limit:18).
 Your wisdom was 7 (limit:18).
 Your charisma was 6 (limit:18).

Final Status:
 You were hungry.
 You were unencumbered.
 You were wielding a short sword.
 You had basic skill with short sword.

Final Attributes:
 You were fervently aligned.
 You were warded.
 You were fast.
 You survived.

Miscellaneous:
 You didn't encounter any bones levels.
 Total elapsed playing time was 7 minutes and 33 seconds.

Major events:
 Turn
    1: ExaDeuce the lawful male human Samurai entered the dungeon
  785: entered the Gnomish Mines
 1018: quit

You didn't know any spells.

Skills:
 Fighting Skills
   martial arts      [Basic]
   two weapon combat [Unskilled]
   riding            [Unskilled]
 Weapon Skills
   dagger            [Unskilled]
   knife             [Unskilled]
   short sword       [Basic]
   broadsword        [Unskilled]
   long sword        [Basic]
   two-handed sword  [Unskilled]
   saber             [Unskilled]
   flail             [Unskilled]
   quarterstaff      [Unskilled]
   polearms          [Unskilled]
   spear             [Unskilled]
   lance             [Unskilled]
   bow               [Basic]
   shuriken          [Unskilled]
 Spellcasting Skills
   attack spells     [Unskilled]
   divination spells [Unskilled]
   clerical spells   [Unskilled]

Voluntary challenges:
 Character rerolling was not enabled.
 You were illiterate.
 You never genocided any monsters.
 You never polymorphed an object.
 You never changed form.
 You used no wishes.
Achievement:
 You entered the Gnomish Mines.

 The Dungeons of Doom: levels 1 to 4
    Level 1:
       A sink.
    Level 2:
    Level 3:
       Stairs down to The Gnomish Mines.
    Level 4: <- You were here.
       A fountain.
 The Gnomish Mines:
    Level 4:


Vanquished creatures:
 an acid blob
  a hobbit
  a yellow mold
  3 jackals
  a kobold
  3 goblins
  a grid bug
  a bat
  5 lichens
  3 newts
20 creatures vanquished.

No species were genocided or became extinct.

Sayonara ExaDeuce the Samurai...

You quit in The Dungeons of Doom on dungeon level 4 with 263 points,
and 69 pieces of gold, after 1018 moves.
You were level 1 with a maximum of 18 hit points when you quit.

